 Dungeon Crawl Stone Soup version 0.32-a0-571-gec57dfcd37 (webtiles) character file.

Game seed: 15533049971756964581

24 hikkokomori the Cudgeller (level 2, 0/26 HPs)
             Began as a Mountain Dwarf Cinder Acolyte on Mar 1, 2024.
             Was a High Priest of Ignis.
             Slain by a quokka (3 damage)
             ... on level 1 of the Dungeon.
             The game lasted 00:00:32 (223 turns).

hikkokomori the Cudgeller (MDCA)                     Turns: 223, Time: 00:00:33

Health: 0/26       AC:  9    Str: 16    XL:     2   Next: 79%
Magic:  3/4        EV: 11    Int: 14    God:    Ignis [*****.]
Gold:   14         SH:  0    Dex:  5    Spells: 3/3 levels left

rFire   + . .        a - -1 mace (flame)
rCold   . . .        (no shield)
rNeg    . . .        b - +0 robe
rPois   .            (no helmet)
rElec   .            (no cloak)
rCorr   .            (no gloves)
SInv    .            (no boots)
Will    .....        (no amulet)
Stlth   +            (no ring)
HPRegen 0.24/turn    (no ring)
MPRegen 0.09/turn

%: no passive effects
@: fiery-armoured
A: runic magic, artefact enchanting
a: Renounce Religion, Fiery Armour, Foxfire Swarm, Rising Flame


You were on level 1 of the Dungeon.
You worshipped Ignis.
Ignis was extremely pleased with you.
You visited 1 branch of the dungeon, and saw 1 of its levels.

You collected 14 gold pieces.

Inventory:

Hand Weapons
 a - a -1 mace of flaming (weapon)
Armour
 b - a +0 robe (worn)
Potions
 c - a potion of curing {unknown}


   Skills:
 + Level 3.6 Fighting
 + Level 4.0 Maces & Flails
 + Level 1.4 Spellcasting
 + Level 4.0 Fire Magic


You had 3 spell levels left.
You didn't know any spells.
Your spell library contained the following spells:

 Spells                   Type           Power      Damage    Failure   Level
 Scorch                   Fire           24%        2d6       8%          2


Dungeon Overview and Level Annotations

Branches:
Dungeon (1/15)

Altars:


Innate Abilities, Weirdness & Mutations

Your spellcasting is much less encumbered by armour.
You can use scrolls of enchantment on lesser artefacts.


Message History

You are too injured to fight recklessly!
You are too injured to fight recklessly!
You are too injured to fight recklessly!
You closely miss the gnoll. The gnoll hits you with a +0 club.
You barely miss the gnoll. The gnoll hits you with a +0 club.
The gnoll hits you with a +0 club!
You closely miss the gnoll. The gnoll hits you with a +0 club.
* * * LOW HITPOINT WARNING * * *
A protective cloak of flame settles atop you.
The gnoll hits you with a +0 club.
* * * LOW HITPOINT WARNING * * *
The gnoll is burned by your cloak of flames.
The gnoll is moderately wounded.
You closely miss the gnoll.
The gnoll is moderately wounded.
The gnoll misses you.
You completely miss the gnoll.
The gnoll is moderately wounded.
The gnoll hits you but does no damage.
The gnoll is burned by your cloak of flames.
You kill the gnoll!
Your Maces & Flails skill increases to level 4!
Your Fire Magic skill increases to level 4!
The hobgoblin hits you.
* * * LOW HITPOINT WARNING * * *
The hobgoblin is burned by your cloak of flames.
The hobgoblin is moderately wounded.
You see here a +0 club.
You barely miss the hobgoblin.
The hobgoblin is moderately wounded.
The hobgoblin closely misses you. x2
You closely miss the hobgoblin.
The hobgoblin is moderately wounded.
The hobgoblin hits you.
* * * LOW HITPOINT WARNING * * *
The hobgoblin is burned by your cloak of flames.
You kill the hobgoblin!
The quokka bites you.
You die...
Ignis goes out, and joins you in death.

#. #......... +..
#....g...P .. #.(....Pg.
#.##......P.P
#.........PJP #.#.#.
#.#.##.#....Pr.
#.#.#.###.# #.#....PP.
#.#.#.#....^#+##r##.....P
#.#.#.##.......#@# #.#...
#.#.#.##.......#)# .. ..
#.#.#.##.......#.# ## #
..#.#.##.......#.###
.......†...........#
..#.#.####.........#
....#....'.......).#
.##.######.........#
.##......#)........>..


You could see a quokka.

Vanquished Creatures
  A gnoll (D:1)
  A ball python (D:1)
  A bat (D:1)
  An endoplasm (D:1)
  5 hobgoblins (D:1)
  A quokka (D:1)
  A kobold (D:1)
  2 rats (D:1)
13 creatures vanquished.

Notes
Turn   | Place    | Note
-------+----------+-------------------------------------------
     0 | D:1      | hikkokomori the Mountain Dwarf Cinder Acolyte began the
                  | quest for the Orb.
     0 | D:1      | Reached XP level 1. HP: 19/19 MP: 2/2
   108 | D:1      | Reached XP level 2. HP: 16/26 MP: 3/3
   223 | D:1      | Slain by a quokka

Illustrated notes

Levels and vault maps discovered:
D:1:      minmay_arrival_stone_box, layout_basic, nicolae_grassy_gnolls

Skill      XL: |  1  2 |
---------------+-------+-----
Maces & Flails | 4 |  4.0
Fire Magic     | 4 |  4.0
Fighting       | |  3.6
Spellcasting   | |  1.4

Action                     || total
---------------------------++-------
  Melee: Mace              ||    44
 Invoke: Fiery Armour      ||     1
 Armour: Robe              ||    37
  Dodge: Dodged            ||    34

Table legend: (Time is in decaauts)
 A = Elapsed time spent in this place.
 B = Non-inter-level travel time spent in this place.
 C = Inter-level travel time spent in this place.
 D = Time resting spent in this place.
 E = Time spent auto-exploring this place.
 F = Levels seen in this place.
 G = Mean time per level.
                   A        B        C        D        E       F      G
               +--------+--------+--------+--------+--------+-----+--------+
         Total |    232 |    232 |      0 |      0 |    122 |   1 |  232.0 |
       Dungeon |    232 |    232 |      0 |      0 |    122 |   1 |  232.0 |
               +--------+--------+--------+--------+--------+-----+--------+

Top non-repeatable levels by time:
     D:1: 232 daAuts
